 Dungeon Crawl Stone Soup version 0.19-a0-1553-g64c24c3 (webtiles) character file.

5217 GameOver the Carver (level 10, 0/75 HPs)
             Began as a Naga Wizard on Sept 14, 2016.
             Was an Elder of Okawaru.
             Slain by an ice beast (13 damage)
             ... on level 8 of the Dungeon.
             The game lasted 01:00:18 (8279 turns).

GameOver the Carver (Naga Wizard)                   Turns: 8279, Time: 01:00:18

Health: 0/75       AC:  9    Str: 10    XL:     10   Next: 61%
Magic:  14/17      EV: 13    Int: 22    God:    Okawaru [****..]
Gold:   320        SH:  0    Dex: 16    Spells: 5 memorised, 10 levels left

rFire  + . .     SeeInvis +     w - +2 falchion of the Vendetta {slice, +Fly rF+ Dex+3}
rCold  . . .     Gourm    +     B - +0 leather armour
rNeg   . . .     Faith    .     (no shield)
rPois  +         Spirit   .     b - +0 helmet
rElec  .         Dismiss  .     (no cloak)
rCorr  .         Reflect  .     m - +0 pair of gloves
MR     +....     Harm     .     (no barding)
Stlth  ++++......               G - amulet of the gourmand
                                (no ring)
                                f - +4 ring of dexterity

@: heroism, very slow
A: see invisible, deformed body, poison resistance, slowness 2, slow metabolism
1, spit poison 1, AC +3
a: Spit Poison, Heroism, Renounce Religion, Evoke Flight


You were on level 8 of the Dungeon.
You worshipped Okawaru.
Okawaru was greatly pleased with you.
You were very full.

You visited 2 branches of the dungeon, and saw 9 of its levels.

You collected 320 gold pieces.

Inventory:

Hand Weapons
 e - a +0 broad axe
 q - a +3 dagger of chaos
 w - the +2 falchion of the Vendetta (weapon) {slice, +Fly rF+ Dex+3}
   (You found it on level 5 of the Dungeon)

   It inflicts extra damage upon your enemies.
   It affects your dexterity (+3).
   It protects you from fire.
   It lets you fly.
Missiles
 E - a throwing net (quivered)
Armour
 b - a +0 helmet (worn)
 j - a +0 ice dragon armour
 m - a +0 pair of gloves (worn)
 B - a +0 leather armour (worn)
 C - the +8 orange crystal plate armour {Archmagi, Int+3 Clar}
   (You found it on level 6 of the Dungeon)

   It affects your intelligence (+3).
   It protects you against confusion.
Magical Staves
 A - an uncursed staff of wizardry
Jewellery
 f - a +4 ring of dexterity (left hand)
 o - an uncursed ring of ice
 G - an amulet of the gourmand (around neck)
Wands
 a - a wand of disintegration (17/24)
 h - a wand of iceblast (4/15)
 u - a wand of iceblast (10/15)
 F - a wand of iceblast (5/15)
 H - a wand of flame (8/48)
Scrolls
 g - 2 scrolls of fog
 i - a scroll of immolation
 n - 2 scrolls of random uselessness {unknown}
 p - 2 scrolls of magic mapping
 y - a scroll of enchant armour {unknown}
 I - a scroll of enchant weapon {unknown}
 L - a scroll of remove curse
Potions
 k - 4 potions of curing
 r - a potion of mutation
 z - a potion of cancellation
 D - a potion of magic
Books
 c - a book of Minor Magic

   Spells                             Type                      Level
   a - Magic Dart                     Conjuration                  1
   b - Blink                          Translocation                2
   c - Call Imp                       Summoning                    2
   d - Repel Missiles                 Charms/Air                   2
   e - Slow                           Hexes                        2
   f - Conjure Flame                  Conjuration/Fire             3
   g - Mephitic Cloud                 Conjuration/Poison/Air       3
 t - a book of Beasts

   Spells                             Type                      Level
   a - Summon Butterflies             Summoning                    1
   b - Call Canine Familiar           Summoning                    3
   c - Summon Ice Beast               Ice/Summoning                4
   d - Summon Mana Viper              Hexes/Summoning              5
   e - Summon Hydra                   Summoning                    7
 v - a book of Changes

   Spells                             Type                      Level
   a - Beastly Appendage              Transmutation                1
   b - Sticks to Snakes               Transmutation                2
   c - Spider Form                    Transmutation/Poison         3
   d - Ice Form                       Ice/Transmutation            4
   e - Blade Hands                    Transmutation                5
Comestibles
 d - 6 bread rations
 l - a royal jelly
 s - 3 meat rations
 x - a slice of pizza
 J - 5 chunks of flesh
 K - 3 fruits


   Skills:
 - Level 8.0(13.0) Long Blades
 + Level 7.8(12.8) Armour
 - Level 1.5(6.5) Dodging
 - Level 3.0(8.0) Stealth
 - Level 5.0 Spellcasting
 - Level 5.0 Conjurations
 - Level 1.0 Summonings
 - Level 1.0 Translocations
 - Level 5.3 Air Magic
 - Level 4.0 Poison Magic


You had 10 spell levels left.
You knew the following spells:

 Your Spells              Type           Power        Failure   Level  Hunger
a - Magic Dart            Conj           ####         1%          1    None
b - Summon Butterflies    Summ           #.......     10%         1    None
c - Blink                 Tloc           N/A          14%         2    None
d - Mephitic Cloud        Conj/Pois/Air  ####....     6%          3    ##.....
z - Repel Missiles        Chrm/Air       ###...       10%         2    None


Dungeon Overview and Level Annotations

Branches:
Dungeon (8/15)             Temple (1/1) D:7            Lair (0/6) D:8

Altars:
Ashenzari
Cheibriados
Dithmenos
Elyvilon
Fedhas
Gozag
Hepliaklqana
Kikubaaqudgha
Makhleb
Nemelex Xobeh
Okawaru
Qazlal
Ru
Sif Muna
Trog
Uskayaw
Vehumet
Xom
Yredelemnul
Zin
The Shining One

Annotations:
D:3 1 runed door
D:4 Menkaure
D:5 epen's ghost, novice MfMo


Innate Abilities, Weirdness & Mutations

You cannot wear boots.
Your serpentine skin is tough. (AC +3)
You have supernaturally acute eyesight. (SInv)
Armour fits poorly on your strangely shaped body.
Your system is resistant to poisons. (rPois)
You cover ground very slowly.
You have a slow metabolism.
You can spit poison.


Message History

The ice beast is heavily wounded.
The ice beast hits you but does no damage.
You barely miss the ice beast.
The ice beast is heavily wounded.
The ice beast barely misses you.
You riposte.
You barely miss the ice beast.
The ice beast is heavily wounded.
You hit the ice beast.
The ice beast is severely wounded.
You hit the ice beast.
The ice beast is severely wounded.
The ice beast hits you.
* * * LOW HITPOINT WARNING * * *
The ice beast freezes you.
* * * LOW HITPOINT WARNING * * *
You barely miss the ice beast.
The ice beast is severely wounded.
The ice beast hits you.
* * * LOW HITPOINT WARNING * * *
The ice beast freezes you!
You die...

#.# #......# ###. #####.#
###.#### #. #.....# .# #.
#.##### ##+## #. #.# ##...##
#. #.### ##.....## ## #.
#.#.## ##.......## ##.###.
#....####††....†..####...##.
#...<...)))@......'.........
#....####†.Y......##....t##.
#.#.## ##.........#o##.....
#.### #............##..##.
#.# #...♣.........##..##.
#.. #.............#...... ##
#...P..............###
#..................#
.♣.....P>...........


You could see an ice beast.

Vanquished Creatures
  Psyche (D:8)
  7 yaks (D:8)
  Grum (D:8)
  A hippogriff (D:8)
  2 basilisks (D:8)
  Duvessa (D:7)
  5 orc warriors
  An ice beast (D:8)
  3 ogres
  2 wolves (D:8)
  4 crocodiles (D:8)
  4 giant frogs
  Dowan (D:7)
  A jelly (D:6)
  9 killer bees (D:8)
  3 wights (D:8)
  7 crimson imps
  A centaur zombie (D:7)
  A giant frog zombie (D:7)
  A quasit (D:8)
  3 giant frog skeletons
  A gnoll shaman (D:6)
  3 hounds
  7 orc priests
  A centaur skeleton (D:7)
  10 orc wizards
  Jessica (D:3)
  Terence (D:3)
  2 iguanas
  4 worker ants
  A hound zombie (D:5)
  A howler monkey zombie (D:6)
  2 worker ant zombies (D:8)
  Robin (D:3)
  A howler monkey skeleton (D:6)
  6 adders
  11 gnolls
  2 river rats (D:8)
  An ooze (D:1)
  2 worms
  4 dart slugs
  6 giant geckos
  24 orcs
  8 giant cockroaches
  11 goblins
  9 hobgoblins
  12 jackals
  7 quokkas
  5 bats
  6 frilled lizards
  9 kobolds
  2 quokka skeletons
  10 rats
230 creatures vanquished.

Vanquished Creatures (collateral kills)
  3 killer bees (D:8)
  An orc (D:7)
4 creatures vanquished.

Vanquished Creatures (others)
  A fungus (D:8)
  5 plants (D:8)
6 creatures vanquished.

Grand Total: 240 creatures vanquished

Notes
Turn   | Place    | Note
-------+----------+-------------------------------------------
     0 | D:1      | GameOver the Naga Wizard began the quest for the Orb.
     0 | D:1      | Reached XP level 1. HP: 15/15 MP: 4/4
     6 | D:1      | Noticed a killer bee
     6 | D:1      | Noticed a crocodile
     7 | D:1      | Noticed a wyvern
     7 | D:1      | Noticed a black bear
   144 | D:1      | Reached XP level 2. HP: 14/22 MP: 3/6
   148 | D:1      | Learned a level 2 spell: Repel Missiles
   611 | D:2      | Reached XP level 3. HP: 28/28 MP: 5/7
   626 | D:2      | Learned a level 3 spell: Mephitic Cloud
  1222 | D:2      | Reached XP level 4. HP: 36/36 MP: 8/8
  1415 | D:3      | Reached skill level 1 in Air Magic
  1479 | D:3      | Noticed Robin
  1482 | D:3      | Reached skill level 1 in Poison Magic
  1580 | D:3      | Killed Robin
  1669 | D:3      | Noticed Terence
  1679 | D:3      | Killed Terence
  1679 | D:3      | Reached XP level 5. HP: 42/42 MP: 3/10
  1843 | D:3      | Noticed Jessica
  1853 | D:3      | Killed Jessica
  1997 | D:3      | Found a burning altar of Makhleb.
  2112 | D:3      | Found a runed door.
  2137 | D:3      | Reached XP level 6. HP: 47/49 MP: 11/11
  2982 | D:4      | Reached XP level 7. HP: 54/55 MP: 10/13
  2997 | D:4      | Noticed Menkaure
  3005 | D:5      | Entered Level 5 of the Dungeon
  3153 | D:5      | Noticed epen's ghost (novice MfMo)
  3516 | D:5      | Got a pitted falchion
  3517 | D:5      | Identified the +2 falchion of the Vendetta {slice, +Fly rF+ Dex+3} (You found it on level 5 of the Dungeon)
  3637 | D:5      | Reached skill level 5 in Conjurations
  3686 | D:5      | Reached skill level 1 in Long Blades
  4925 | D:6      | Reached skill level 2 in Long Blades
  4925 | D:6      | Reached XP level 8. HP: 37/62 MP: 5/15
  4925 | D:6      | Reached skill level 5 in Spellcasting
  5316 | D:6      | Reached skill level 3 in Long Blades
  5316 | D:6      | Reached skill level 1 in Armour
  5478 | D:6      | Reached skill level 5 in Air Magic
  5663 | D:7      | Reached skill level 4 in Long Blades
  5723 | D:7      | Found a staircase to the Ecumenical Temple.
  5737 | Temple   | Entered the Ecumenical Temple
  5848 | Temple   | Became a worshipper of Warmaster Okawaru
  5904 | D:7      | HP: 2/62 [centaur zombie (5)]
  6338 | D:7      | Reached XP level 9. HP: 67/68 MP: 4/16
  6467 | D:7      | Reached skill level 5 in Long Blades
  6506 | D:7      | Noticed Duvessa
  6661 | D:8      | Reached * piety under Okawaru
  6705 | D:8      | Reached skill level 6 in Long Blades
  6971 | D:8      | Noticed Psyche
  6988 | D:8      | Killed Psyche
  6988 | D:8      | Reached skill level 5 in Armour
  7065 | D:8      | Reached ** piety under Okawaru
  7113 | D:8      | Reached skill level 7 in Long Blades
  7394 | D:8      | Reached XP level 10. HP: 38/75 MP: 10/17
  7422 | D:7      | Noticed Dowan
  7489 | D:8      | Learned a level 1 spell: Summon Butterflies
  7492 | D:8      | Learned a level 2 spell: Blink
  7621 | D:7      | Killed Duvessa
  7629 | D:7      | Killed Dowan
  7658 | D:7      | Reached skill level 8 in Long Blades
  8095 | D:8      | Noticed Grum
  8109 | D:8      | Killed Grum
  8149 | D:7      | Found a burning altar of Makhleb.
  8178 | D:8      | Reached *** piety under Okawaru
  8213 | D:8      | Reached **** piety under Okawaru
  8244 | D:8      | Found a staircase to the Lair.
  8279 | D:8      | Slain by an ice beast

Vault maps used:
D:1:      onia_arrival_zoo_common
D:2:      st_stairs_12
D:3:      grunt_ministairs_2, st_stairs_13, lemuel_statue_altar,
          uniq_crazy_yiuf_cottage, uniq_jessica, uniq_terence, uniq_robin
D:4:      minmay_vboxes, uniq_menkaure
D:5:      first_bread, patterned_corridor
D:6:      minmay_misc_feat_more_columns
D:7:      lemuel_upstairs_altar, uniq_duvessa
D:8:      minmay_lair_entry_grove, uniq_psyche, uniq_grum
Temple:   kilobyte_greek_temple

Skill      XL: |  1  2  3  4  5  6  7  8  9 10 |
---------------+-------------------------------+-----
Conjurations   | 2 3 4 5 |  5.0
Air Magic      | 1 2 3 5 |  5.3
Poison Magic   | 1 2 3 4 |  4.0
Spellcasting   | 4 5 |  5.0
Long Blades    | 2 4 7 8 |  8.0
Armour         | 2 5 7 |  7.8
Dodging        | |  1.5
Stealth        | |  3.0
Summonings     | |  1.0
Translocations | |  1.0

Action                   |  1- 3 |  4- 6 |  7- 9 | 10-12 || total
-------------------------+-------+-------+-------+-------++-------
Melee: Short sword       |     5 |    14 |       |       ||    19
       Dagger            |     1 |       |       |       ||     1
       Trident           |       |    37 |    15 |       ||    52
       Falchion          |       |       |   229 |   103 ||   332
 Cast: Magic Dart        |    50 |    39 |   182 |    22 ||   293
       Repel Missiles    |     1 |       |       |       ||     1
       Mephitic Cloud    |       |     8 |    29 |    16 ||    53
Invok: Heroism           |       |       |       |     1 ||     1
 Abil: Spit Poison       |    37 |    49 |    68 |    32 ||   186
  Use: Scroll            |       |     2 |    12 |     3 ||    17
       Potion            |       |       |     5 |     2 ||     7
 Stab: Sleeping          |     1 |       |       |       ||     1
       Confused          |       |     3 |    12 |     8 ||    23
  Eat: Chunk             |     2 |     9 |    19 |     8 ||    38
       Pizza             |       |       |     2 |       ||     2
Armor: Robe              |     2 |     9 |       |       ||    11
       Ring mail         |       |     3 |     1 |       ||     4
       Leather armour    |       |       |    54 |    30 ||    84
Dodge: Dodged            |    11 |    26 |    85 |    25 ||   147
       Deflected         |       |       |     2 |     1 ||     3
